 Dungeon Sprint DCSS version 0.28-a0-973-ga7f8b01127 (webtiles) character file.

Game seed: 15134589473118451320

23009 tatocazan the Peltast (level 12, -12/90 (124) HPs)
             Began as a Minotaur Fighter on Dec 1, 2021.
             Was the Champion of Okawaru.
             Mangled by Rupert (14 damage)
             ... in the Dungeon (Sprint IX: "|||||||||||||||||||||||||||||").
             The game lasted 00:11:23 (4829 turns).

tatocazan the Peltast (Minotaur Fighter)            Turns: 4829, Time: 00:11:24

HP:   -12/90 (124)  AC: 26    Str: 26    XL:     12   Next: 68%
MP:   20/20         EV: 18    Int:  5    God:    Okawaru [******]
Gold: 803           SH: 23    Dex: 19    Spells: 11/11 levels left

rFire   + + +      SeeInvis .   b - +0 trident (protect)
rCold   + + .      Faith    .   a - +1 tower shield "Botief" {-Cast rCorr Dex+6}
rNeg    . . .      Spirit   .   D - +2 chain mail {rF+}
rPois   .          Reflect  .   (helmet restricted)
rElec   .          Harm     .   H - scarf {rC+ rF+}
rCorr   +          Rampage  .   p - +0 pair of gloves
Will    .....      NoTele   +   m - +0 pair of boots
Stlth   .......... NoCast   +   u - amulet of Bewnyocw {Acrobat rF++ rC+}
HPRegen 0.25/turn               r - +2 ring of evasion
MPRegen 0.17/turn               s - +3 ring of dexterity

@: under a protective aura, very heavily drained
A: horns 2, retaliatory headbutt
a: Renounce Religion, Heroism, Finesse


You were in the Dungeon.
You worshipped Okawaru.
Okawaru was exalted by your worship.
You visited 1 branch You collected 2639 gold pieces.
You spent 1836 gold pieces at shops.

Inventory:

Hand Weapons
 b - a +0 trident of protection (weapon)
 d - a +1 vorpal trident
 n - a +5 eveningstar
 o - a +2 halberd of protection
 y - a +1 broad axe of freezing
Missiles
 i - 3 throwing nets (quivered)
Armour
 a - the +1 tower shield "Botief" (worn) {-Cast rCorr Dex+6}
   (You acquired it in the Dungeon)

   Dex:       It affects your dexterity (+6).
   -Cast:     It prevents spellcasting.
   rCorr:     It protects you from acid and corrosion.
 m - a +0 pair of boots (worn)
 p - a +0 pair of gloves (worn)
 D - a +2 chain mail of fire resistance (worn)
 H - a scarf of resistance (worn)
Jewellery
 q - a ring of willpower
 r - a +2 ring of evasion (left hand)
 s - a +3 ring of dexterity (right hand)
 u - the amulet of Bewnyocw (around neck) {Acrobat rF++ rC+}
   (You acquired it in the Dungeon)

   [amulet of the acrobat]

   It increases your evasion while moving and waiting.
   rF:        It greatly protects you from fire.
   rC:        It protects you from cold.
 A - a ring of poison resistance
 B - a +6 ring of strength
 C - a ring of ice
Wands
 l - a wand of acid (10)
Scrolls
 e - a scroll of fear
 j - 5 scrolls of blinking
 k - 3 scrolls of amnesia
 v - 3 scrolls of enchant armour
 w - 2 scrolls of identify
 x - 3 scrolls of fog
 G - 2 scrolls of enchant weapon
Potions
 g - 2 potions of haste
 h - 4 potions of magic
 t - a potion of brilliance
 E - 3 potions of heal wounds
 F - 2 potions of mutation


   Skills:
 + Level 16.6 Fighting
 - Level 5.8(12.8) Axes
 - Level 17.6(18.0) Polearms
 + Level 16.6 Armour
 + Level 13.8 Dodging
 * Level 18.0 Shields
 + Level 12.6 Invocations


You had 11 spell levels left.
You didn't know any spells.
Your spell library was empty.

Dungeon Overview and Level Annotations

Branches:
Dungeon (1/1)

Altars:
Cheibriados
Dithmenos
Elyvilon
Fedhas
Gozag
Hepliaklqana
Kikubaaqudgha
Makhleb
Nemelex Xobeh
Okawaru
Qazlal
Ru
Sif Muna
Trog
Uskayaw
Vehumet
Wu Jian
Xom
Yredelemnul
Zin
The Shining One
Beogh
Jiyva
Lugonu

Shops:
D ?[==

Annotations:
D Rupert


Innate Abilities, Weirdness & Mutations

You have a pair of horns on your head.
You reflexively headbutt those who attack you in melee.


Message History

Rupert is heavily wounded.
You block Rupert's attack.
You closely miss Rupert. You headbutt Rupert, but do no damage.
Rupert is heavily wounded.
Rupert hits you with a +0 great mace of draining!!
You feel drained.
You take 26 damage, and have 58/104 hp.
MASSIVE DAMAGE!!
You are too injured to fight recklessly!
You are too injured to fight recklessly!
You are too injured to fight recklessly!
You are too injured to fight recklessly!
You feel much better.
Rupert hits you with a +0 great mace of draining!!
You feel drained.
You take 16 damage, and have 42/98 hp.
You puncture Rupert!
Rupert is heavily wounded.
You block Rupert's attack.
You barely miss Rupert. You headbutt Rupert!
Rupert is severely wounded.
Rupert barely misses you. You block Rupert's attack.
You closely miss Rupert. You headbutt Rupert!
Rupert is severely wounded.
You block Rupert's attack.
You hit Rupert. You headbutt Rupert!
Rupert is severely wounded.
Rupert completely misses you.
You hit Rupert but do no damage.
Rupert is severely wounded.
You block Rupert's attack.
You hit Rupert. You headbutt Rupert!
Rupert is almost dead.
You block Rupert's attack.
Your shield and chain mail prevent you from hitting Rupert.
You headbutt Rupert.
Rupert is almost dead.
Rupert hits you with a +0 great mace of draining!!!
* * * LOW HITPOINT WARNING * * *
You feel drained.
You die...

▓▓▓▓▓▓▓▓▓▓▓▓▓▓▓▓▓
▓...▓...▓...▓...▓
▓.▓.▓.▓.▓.▓.▓.▓.▓
▓'▓.▓.▓.▓.▓.▓.▓.▓
▓.▓.▓.▓.▓.▓.▓.▓.▓
▓.▓.▓'▓.▓.▓.▓.▓.▓
▓.▓.▓.▓.▓.▓.▓.▓.▓
▓.▓.▓.▓.▓.▓.▓.▓.▓
▓.▓.▓[▓.▓.▓.▓.▓@▓
▓.▓.▓[▓.▓.▓.▓.▓@▓
▓)▓.▓[▓.▓'▓.▓'▓.▓
▓.▓.▓[▓.▓.▓.▓.▓.▓
▓.▓.▓.▓.▓.▓.▓.▓.▓
▓.▓.▓.▓.▓.▓.▓(▓.▓
▓.▓.▓'▓.▓.▓.▓)▓.▓
▓.▓.▓[▓.▓[▓.▓.▓.▓
▓.▓.▓(▓.▓∩▓.▓.▓


You could see Rupert (berserk).

Vanquished Creatures
  A very ugly thing (D)
  2 stone giants (D)
  An ettin (D)
  Harold (D)
  2 rakshasas (D)
  2 centaur warriors (D)
  An ogre mage (D)
  A two-headed ogre (D)
  An orc high priest (D)
  Urug (D)
  A skeletal warrior (D)
  10 orc knights (D)
  A cyclops (D)
  3 ugly things (D)
  2 manticores (D)
  Joseph (D)
  3 cane toads (D)
  5 komodo dragons (D)
  2 trolls (D)
  2 blink frogs (D)
  A shadow (D)
  5 yaks (D)
  2 vampire mosquitoes (D)
  2 wargs (D)
  2 acid dragons (D)
  2 hell hounds (D)
  2 water moccasins (D)
  An ice beast (D)
  15 orc warriors (D)
  4 wolves (D)
  A centaur (D)
  2 bullfrogs (D)
  A scorpion (D)
  3 orc priests (D)
  A hound (D)
  An iguana (D)
  7 orc wizards (D)
  4 orcs (D)
  A frilled lizard (D)
  2 kobolds (D)
  2 rats (D)
104 creatures vanquished.

Notes
Turn   | Place    | Note
-------+----------+-------------------------------------------
     0 | D        | tatocazan the Minotaur Fighter began the quest for the Orb.
     0 | D        | Reached XP level 1. HP: 19/19 MP: 0/0
    10 | D        | Reached skill level 4 in Shields
   174 | D        | Noticed a hound
   174 | D        | Noticed a scorpion
   174 | D        | Noticed an ice beast
   174 | D        | Noticed an iguana
   176 | D        | Killed an iguana
   177 | D        | Reached skill level 5 in Fighting
   177 | D        | Reached skill level 5 in Armour
   177 | D        | Reached skill level 5 in Shields
   177 | D        | Reached XP level 2. HP: 29/29 MP: 1/1
   177 | D        | Reached XP level 3. HP: 36/36 MP: 2/2
   182 | D        | Killed an ice beast
   183 | D        | Reached skill level 6 in Shields
   183 | D        | Reached XP level 4. HP: 45/45 MP: 3/3
   185 | D        | Killed a scorpion
   186 | D        | Reached skill level 7 in Shields
   186 | D        | Reached XP level 5. HP: 52/52 MP: 4/4
   325 | D        | Found a snail-covered altar of Cheibriados.
   325 | D        | Found a shadowy altar of Dithmenos.
   325 | D        | Found a white marble altar of Elyvilon.
   325 | D        | Found a blossoming altar of Fedhas.
   325 | D        | Found an opulent altar of Gozag.
   326 | D        | Found a hazy altar of Hepliaklqana.
   327 | D        | Found a viscous altar of Jiyva.
   328 | D        | Found an ancient bone altar of Kikubaaqudgha.
   329 | D        | Found a corrupted altar of Lugonu.
   330 | D        | Found a burning altar of Makhleb.
   331 | D        | Found a sparkling altar of Nemelex Xobeh.
   332 | D        | Found an iron altar of Okawaru.
   333 | D        | Found a stormy altar of Qazlal.
   334 | D        | Found a sacrificial altar of Ru.
   335 | D        | Found a shimmering blue altar of Sif Muna.
   336 | D        | Found a bloodstained altar of Trog.
   337 | D        | Found a hide-covered altar of Uskayaw.
   338 | D        | Found a radiant altar of Vehumet.
   339 | D        | Found an ornate altar of the Wu Jian Council.
   340 | D        | Became a worshipper of Warmaster Okawaru
   341 | D        | Found a shimmering altar of Xom.
   342 | D        | Found a basalt altar of Yredelemnul.
   343 | D        | Found a glowing silver altar of Zin.
   344 | D        | Found a glowing golden altar of the Shining One.
   404 | D        | Noticed a two-headed ogre
   404 | D        | Noticed a shadow
   404 | D        | Noticed a yak
   404 | D        | Noticed a troll
   404 | D        | Noticed a vampire mosquito
   404 | D        | Noticed an acid dragon
   409 | D        | Killed an acid dragon
   410 | D        | Reached skill level 8 in Shields
   410 | D        | Reached XP level 6. HP: 62/62 MP: 4/6
   416 | D        | Killed a vampire mosquito
   416 | D        | Reached * piety under Okawaru
   422 | D        | Killed a troll
   423 | D        | Reached skill level 10 in Polearms
   423 | D        | Reached skill level 9 in Shields
   423 | D        | Reached XP level 7. HP: 52/70 MP: 5/8
   427 | D        | Killed a yak
   440 | D        | Killed a shadow
   440 | D        | Reached ** piety under Okawaru
   441 | D        | Reached skill level 5 in Dodging
   447 | D        | Killed a two-headed ogre
   447 | D        | Reached *** piety under Okawaru
   448 | D        | Reached skill level 10 in Fighting
   448 | D        | Reached skill level 10 in Armour
   448 | D        | Reached skill level 10 in Shields
   448 | D        | Reached skill level 5 in Invocations
   448 | D        | Reached XP level 8. HP: 24/80 MP: 8/11
   887 | D        | Noticed a manticore
   887 | D        | Noticed a troll
   900 | D        | Killed a troll
   907 | D        | Reached XP level 9. HP: 43/86 MP: 12/12
   911 | D        | Reached skill level 11 in Shields
   919 | D        | Killed a manticore
   919 | D        | Reached **** piety under Okawaru
  1219 | D        | Noticed a cane toad
  1219 | D        | Noticed a komodo dragon
  1219 | D        | Noticed a komodo dragon
  1225 | D        | Noticed a cane toad
  1228 | D        | Killed a komodo dragon
  1228 | D        | Noticed a komodo dragon
  1240 | D        | Killed a komodo dragon
  1242 | D        | Killed a cane toad
  1243 | D        | Reached skill level 12 in Shields
  1245 | D        | Killed a cane toad
  1245 | D        | Reached ***** piety under Okawaru
  1247 | D        | Killed a komodo dragon
  1248 | D        | Reached skill level 15 in Polearms
  1248 | D        | Reached XP level 10. HP: 83/97 MP: 14/14
  1311 | D        | Noticed a cane toad
  1334 | D        | Killed a cane toad
  1334 | D        | Received a gift from Okawaru
  2110 | D        | Reached skill level 1 in Axes
  2110 | D        | Reached skill level 13 in Shields
  2133 | D        | Reached skill level 10 in Dodging
  2296 | D        | Noticed an orc high priest
  2301 | D        | Noticed a rust devil
  2307 | D        | Killed an orc high priest
  2480 | D        | Noticed an orc knight
  2480 | D        | Noticed an orc knight
  2482 | D        | Killed an orc knight
  2483 | D        | Reached XP level 11. HP: 108/108 MP: 17/17
  2491 | D        | Noticed an orc knight
  2496 | D        | Killed an orc knight
  2507 | D        | Killed an orc knight
  2508 | D        | Reached skill level 5 in Axes
  2518 | D        | HP: 3/110 [orc priest/divine providence (14)]
  2520 | D        | Reached skill level 14 in Shields
  2532 | D        | HP: 3/165 [orc priest/divine providence (15)]
  2534 | D        | Reached skill level 10 in Invocations
  3030 | D        | Noticed an orc knight
  3030 | D        | Noticed an orc knight
  3055 | D        | Killed an orc knight
  3060 | D        | Found Mochuxir's Jewellery Boutique.
  3085 | D        | Noticed an orc knight
  3089 | D        | Killed an orc knight
  3090 | D        | Found Vaetri Ucakh's Jewellery Shop.
  3102 | D        | Found Mumoaf's Armour Boutique.
  3104 | D        | HP: 5/111 [orc knight (14)]
  3107 | D        | Killed an orc knight
  3107 | D        | Received a gift from Okawaru
  3498 | D        | Found Caehakel's Magic Scroll Shop.
  3499 | D        | Noticed an orc knight
  3500 | D        | Noticed an orc knight
  3501 | D        | Noticed an orc knight
  3514 | D        | Noticed an orc knight
  3523 | D        | Killed an orc knight
  3537 | D        | Killed an orc knight
  3546 | D        | Killed an orc knight
  3562 | D        | Killed an orc knight
  3563 | D        | Reached skill level 15 in Armour
  3563 | D        | Reached skill level 15 in Shields
  4063 | D        | Bought a scroll of fear for 38 gold pieces
  4063 | D        | Bought 3 scrolls of acquirement for 1716 gold pieces
  4063 | D        | Bought a scroll of blinking for 82 gold pieces
  4064 | D        | Acquired the amulet of Bewnyocw {Acrobat rF++ rC+}
  4071 | D        | Acquired 736 gold pieces
  4073 | D        | Acquired the +1 tower shield "Botief" {-Cast rCorr Dex+6}
  4147 | D        | Noticed Harold
  4162 | D        | Killed Harold
  4163 | D        | Reached skill level 15 in Fighting
  4214 | D        | Noticed Urug
  4227 | D        | Killed Urug
  4310 | D        | Noticed Joseph
  4320 | D        | Killed Joseph
  4405 | D        | Noticed a cyan ugly thing
  4405 | D        | Noticed a centaur warrior
  4405 | D        | Noticed a skeletal warrior
  4405 | D        | Noticed an ogre mage
  4409 | D        | Killed an ogre mage
  4427 | D        | Killed a skeletal warrior
  4428 | D        | Reached XP level 12. HP: 76/121 MP: 13/19
  4435 | D        | Killed a centaur warrior
  4435 | D        | Received a gift from Okawaru
  4436 | D        | Reached skill level 16 in Shields
  4438 | D        | Noticed a centaur warrior
  4446 | D        | Noticed a stone giant
  4453 | D        | Noticed a rakshasa
  4464 | D        | Noticed an ettin
  4468 | D        | Noticed a brown very ugly thing
  4469 | D        | Killed a centaur warrior
  4469 | D        | Reached ****** piety under Okawaru
  4470 | D        | Noticed an ettin
  4487 | D        | Killed a stone giant
  4500 | D        | Killed a brown very ugly thing
  4501 | D        | Reached skill level 17 in Shields
  4501 | D        | Noticed a rakshasa
  4510 | D        | Killed a rakshasa
  4510 | D        | Received a gift from Okawaru
  4514 | D        | Killed an ettin
  4524 | D        | Noticed a stone giant
  4536 | D        | Killed a rakshasa
  4545 | D        | Killed a stone giant
  4546 | D        | Reached skill level 18 in Shields
  4806 | D        | Noticed Rupert
  4829 | D        | HP: 2/98 [Rupert (41)]
  4829 | D        | Mangled by Rupert

Illustrated notes

Levels and vault maps discovered:
D:        linesprint [early_d, line_temple, items_1, d_10, items_2, lair_1,
          lair_end, items_3, orc_1, orc_end, items_4, d_15, swamp_1, shoals_1,
          snake_1, spider_1, d_20, vaults_1, items_5, swamp_end, shoals_end,
          snake_end, spider_end, vaults_end, d_27, items_6, zot_1, zot_end,
          crypt_end, forest_end, elf_end, slime_end, tomb_end, abyss_end,
          pan_hell_end]

Skill      XL: |  1  2  3  4  5  6  7  8  9 10 11 12 |
---------------+-------------------------------------+-----
Fighting       | 5 6 7 8 9 10 12 13 15 16 | 16.6
Armour         | 5 6 7 8 9 10 11 12 13 15 16 | 16.6
Shields        | 5 6 7 8 9 10 12 13 15 18 | 18.0
Polearms       | 4 6 7 8 10 12 15 16 17 | 17.6
Dodging        | 2 4 6 8 10 12 13 | 13.8
Invocations    | 2 3 5 6 7 9 11 12 | 12.6
Axes           | 4 5 |  5.8

Action                   |  1- 3 |  4- 6 |  7- 9 | 10-12 || total
-------------------------+-------+-------+-------+-------++-------
Melee: Trident           |    14 |     5 |       |   301 ||   320
       Headbutt          |     2 |     3 |    25 |   153 ||   183
       Halberd           |       |    17 |    81 |    41 ||   139
       Broad axe         |       |       |       |   110 ||   110
Invok: Heroism           |       |       |     1 |     2 ||     3
       Finesse           |       |       |       |     2 ||     2
  Use: Potion            |     1 |     1 |     2 |    11 ||    15
       Scroll            |       |       |       |     3 ||     3
 Stab: Invisible         |       |     4 |     3 |       ||     7
Armor: Scale mail        |     1 |       |       |       ||     1
       Chain mail        |       |    11 |    28 |    38 ||    77
       Plate armour      |       |       |       |    13 ||    13
Dodge: Dodged            |     4 |    13 |    48 |   115 ||   180
Block: Buckler           |     1 |     1 |       |       ||     2
       Kite shield       |       |       |       |    99 ||    99
       Tower shield      |       |       |       |    57 ||    57

Table legend: (Time is in decaauts)
 A = Elapsed time spent in this place.
 B = Non-inter-level travel time spent in this place.
 C = Inter-level travel time spent in this place.
 D = Time resting spent in this place.
 E = Time spent auto-exploring this place.
 F = Levels seen in this place.
 G = Mean time per level.
                   A        B        C        D        E       F      G
               +--------+--------+--------+--------+--------+-----+--------+
         Total |   4673 |   4549 |    124 |   3071 |    598 |   1 | 4673.0 |
       Dungeon |   4673 |   4549 |    124 |   3071 |    598 |   1 | 4673.0 |
               +--------+--------+--------+--------+--------+-----+--------+

Top non-repeatable levels by time:
       D: 4673 daAuts
